 Dungeon Crawl Stone Soup version 0.22.1-2-g9c5b331 (webtiles) character file.

282 lysyklops the Shield-Bearer (level 6, -3/39 HPs)
             Began as a Gargoyle Fighter on Dec 20, 2018.
             Killed by divine providence
             ... invoked by an orc priest
              (13 damage)
             ... on level 3 of the Dungeon.
             The game lasted 00:03:04 (2166 turns).

lysyklops the Shield-Bearer (Gargoyle Fighter)      Turns: 2166, Time: 00:03:05

Health: -3/39      AC: 11    Str: 22    XL:     6   Next: 28%
Magic:  6/6        EV:  7    Int:  8    God:
Gold:   80         SH:  9    Dex:  9    Spells: 5/5 levels left

rFire    . . .     SeeInvis .   a - +0 flail
rCold    . . .     Gourm    .   c - +0 shield
rNeg     + . .     Faith    .   b - +0 scale mail
rPois    ∞         Spirit   .   (no helmet)
rElec    +         Reflect  .   (no cloak)
rCorr    .         Harm     .   (no gloves)
MR       .....                  (no boots)
Stlth    ..........             (no amulet)
HPRegen  0.13/turn              (no ring)
MPRegen  0.10/turn              (no ring)

@: no status effects
A: negative energy resistance 1, electricity resistance, unbreathing,
petrification resistance, rot immunity, AC +4
a: no special abilities


You were on level 3 of the Dungeon.
You were not hungry.

You visited 1 branch of the dungeon, and saw 3 of its levels.

You collected 80 gold pieces.

Inventory:

Hand Weapons
 a - a +0 flail (weapon)
Armour
 b - a +0 scale mail (worn)
 c - a +0 shield (worn)
Jewellery
 k - an uncursed amulet of magic regeneration {unknown}
 n - an uncursed ring of see invisible {unknown}
Scrolls
 e - 2 scrolls of remove curse {unknown}
 g - 5 scrolls of identify {unknown}
 j - a scroll of random uselessness {unknown}
Potions
 h - 2 potions of berserk rage {unknown}
 i - a potion of degeneration {unknown}
 l - a potion of haste {unknown}
 m - a potion of invisibility {unknown}
 o - a potion of cancellation {unknown}
 p - a potion of flight {unknown}
 q - a potion of ambrosia {unknown}
 r - a potion of resistance {unknown}
Comestibles
 f - 3 rations


   Skills:
 + Level 4.6 Fighting
 + Level 3.5 Maces & Flails
 + Level 4.6 Armour
 + Level 4.7 Shields


You had 5 spell levels left.
You didn't know any spells.
Your spell library was empty.

Dungeon Overview and Level Annotations

Branches:
Dungeon (3/15)

Altars:


Innate Abilities, Weirdness & Mutations

You are resistant to torment.
Your stone body is resilient. (AC +4)
You are immune to poison.
You resist negative energy. (rN+)
You are resistant to electric shocks. (rElec)
You can survive without breathing.
You are immune to petrification.
You are immune to rotting.


Message History

The orc hits you but does no damage. The orc priest barely misses you.
You block the orc's attack.
You hit the orc priest.
The orc priest is severely wounded.
The orc priest hits you but does no damage.
You block the orc's attack.
You hit the orc priest.
The orc priest is almost dead.
The orc priest closely misses you. The orc hits you but does no damage.
You hit the orc priest but do no damage.
The orc priest is almost dead.
The orc hits you from afar with a trident.
The orc priest calls down the wrath of Beogh upon you.
Beogh smites you!
* * * LOW HITPOINT WARNING * * *
You closely miss the orc priest.
The orc priest is almost dead.
The orc priest invokes the aid of Beogh against you.
Beogh smites you!
You die...

#........# .. .
#........# .#.. #####
#........# .#.. #...#
#........###.... #...#
#........##..... #...#
#........##.....
#...####........#...o..
#............####......
#...<.@o......#).......
#....÷.................
##....o...........##...
####.#...........####
... .................#
... ####.#..........##
#.. #............## .
#................
#.........##.####


You could see an orc priest and an orc.

Vanquished Creatures
  Sigmund (D:3)
  A gnoll (D:2)
  4 adders
  2 dart slugs
  5 leopard geckos
  3 orcs (D:2)
  12 bats
  2 giant cockroaches (D:2)
  9 goblins
  7 hobgoblins
  10 jackals
  A ball python (D:1)
  4 frilled lizards
  5 kobolds
  8 rats
74 creatures vanquished.

Notes
Turn   | Place    | Note
-------+----------+-------------------------------------------
     0 | D:1      | lysyklops the Gargoyle Fighter began the quest for the Orb.
     0 | D:1      | Reached XP level 1. HP: 14/14 MP: 1/1
    72 | D:1      | Reached XP level 2. HP: 19/19 MP: 2/2
   260 | D:1      | Reached XP level 3. HP: 21/23 MP: 3/3
  1083 | D:2      | Reached XP level 4. HP: 28/29 MP: 4/4
  1941 | D:3      | Reached XP level 5. HP: 29/33 MP: 5/5
  2006 | D:3      | Noticed Sigmund
  2018 | D:3      | Killed Sigmund
  2018 | D:3      | Reached XP level 6. HP: 27/39 MP: 6/6
  2166 | D:3      | Killed from afar by an orc priest

Skill      XL: |  1  2  3  4  5 |
---------------+----------------+-----
Shields        | 4 |  4.7
Armour         | 4 |  4.6
Fighting       | 4 |  4.6
Maces & Flails | 3 |  3.5

Action                   |  1- 3 |  4- 6 || total
-------------------------+-------+-------++-------
Melee: Flail             |   183 |   159 ||   342
  Use: Potion            |       |     1 ||     1
  Eat: Chunk             |     1 |     4 ||     5
Armor: Scale mail        |   102 |   117 ||   219
Dodge: Dodged            |    49 |    77 ||   126
Block: Shield            |   113 |   133 ||   246
